 Dungeon Crawl Stone Soup version bcrawl-1.21.3-16-g7f46a08de7 (webtiles) character file.

Game seed: 13425826880789915021

47 MisterOstroum the Twirler (level 3, -3/27 HPs)
             Began as a Mummy Gladiator on May 3, 2020.
             Was an Initiate of Gozag.
             Slain by a bullfrog (6 damage)
             ... on level 3 of the Dungeon.
             The game lasted 00:01:16 (1381 turns).

MisterOstroum the Twirler (Mummy Gladiator)         Turns: 1381, Time: 00:01:17

Health: -3/27      AC:  7    Str: 18    XL:     3   Next: 48%
Magic:  3/3        EV: 10    Int:  7    God:    Gozag
Gold:   93         SH:  0    Dex: 13    Spells: 2/2 levels left

rFire    x . .     SeeInvis .   a - +0 quarterstaff
rCold    + . .     Gourm    .   (shield currently unavailable)
rNeg     + + +     Faith    .   j - +0 scale mail
rPois    ∞         Spirit   .   c - +0 helmet
rElec    .         Reflect  .   (no cloak)
rCorr    .         Harm     .   (no gloves)
MR       .....     Clarity  +   (no boots)
Stlth    ..........             (no amulet)
HPRegen  0.09/turn              (no ring)
MPRegen  0.08/turn              (no ring)

@: no status effects
A: no food or potions, fire vulnerability, clarity, cold resistance 1, negative
energy resistance 3, torment resistance, unbreathing
a: Potion Petition, Call Merchant, Bribe Branch, Renounce Religion


You were on level 3 of the Dungeon.
You worshipped Gozag.
Gozag was noncommittal.
You were not hungry.

You visited 1 branch of the dungeon, and saw 3 of its levels.

You collected 128 gold pieces.
You paid 35 gold pieces to Gozag.

Inventory:

Hand Weapons
 a - a +0 quarterstaff (weapon)
Missiles
 d - 3 throwing nets (quivered) {!f!f}
 f - 159 arrows
 h - 390 stones
Armour
 b - a +0 leather armour
 c - a +0 helmet (worn)
 j - a +0 scale mail (worn)
Jewellery
 i - an uncursed ring of stealth {unknown}
 k - an uncursed amulet of faith {unknown}
 l - an uncursed ring of resist corrosion {unknown}
Scrolls
 e - 4 scrolls of identify {unknown}
 g - a scroll of blinking {unknown}


   Skills:
 - Level 2.0 Fighting
 + Level 3.7 Staves
 - Level 1.5 Throwing
 - Level 2.4 Dodging


You had 2 spell levels left.
You didn't know any spells.
Your spell library was empty.

Dungeon Overview and Level Annotations

Branches:
Dungeon (3/12)

Altars:
Gozag


Innate Abilities, Weirdness & Mutations

You do not eat or drink.
Your flesh is vulnerable to fire.
You are immune to poison.
You possess an exceptional clarity of mind.
Your flesh is cold resistant. (rC+)
You are immune to negative energy. (rN+++)
You are immune to unholy pain and torment.
You can survive without breathing.


Message History

A hound skeleton comes into view.
You see here a robe.
You hit the hound skeleton.
The hound skeleton is lightly damaged.
The hound skeleton barely misses you.
You hit the hound skeleton.
The hound skeleton is lightly damaged.
The hound skeleton barely misses you. The hound skeleton bites you.
You completely miss the hound skeleton.
The hound skeleton is lightly damaged.
The hound skeleton misses you.
You barely miss the hound skeleton.
The hound skeleton is lightly damaged.
The hound skeleton completely misses you.
The hound skeleton bites you.
You sock the hound skeleton!
The hound skeleton is severely damaged.
The hound skeleton bites you but does no damage.
You hit the hound skeleton but do no damage.
The hound skeleton is severely damaged.
The hound skeleton barely misses you.
You hit the hound skeleton.
The hound skeleton is almost destroyed.
The hound skeleton barely misses you.
The hound skeleton bites you but does no damage.
You hit the hound skeleton.
You destroy the hound skeleton!
No target in view!
No target in view!
No target in view!
No target in view!
No target in view!
As you open the large door, it creaks loudly!
A rat comes into view.
Found 20 gold pieces.
A rat is nearby!
There is a large open door here.
You hit the rat but do no damage. The rat completely misses you.
You hit the rat.
You kill the rat!
No target in view!
No target in view!
No target in view!
No target in view!
No target in view!
No target in view!
No target in view!
You now have 116 gold pieces (gained 20).
Done exploring.
Done exploring.
No target in view!
Done exploring.
Done exploring.
No target in view!
There is a large open door here.
You see here a quokka skeleton.
There is an opulent altar of Gozag here.
You kneel at the altar of Gozag.
Gozag welcomes you!
You pay a service fee of 35 gold.
Gozag offers you a free set of potion effects!
(D) Dungeon
Where to? (Enter - D:2 @ (x,y), ? - help)
There is a stone staircase leading down here.
You climb downwards.
There is a stone staircase leading up here.
Found a stone staircase leading down.
You now have 93 gold pieces (gained 12).
h - 390 stones (gained 172)
A bullfrog comes into view.
A bullfrog is nearby!
The bullfrog hits you.
You closely miss the bullfrog. The bullfrog hits you!
The bullfrog hits you but does no damage.
You are too injured to fight recklessly!
You are too injured to fight recklessly!
You are too injured to fight recklessly!
You are too injured to fight recklessly!
You are too injured to fight recklessly!
You are too injured to fight recklessly!
You are too injured to fight recklessly!
You are too injured to fight recklessly!
You are too injured to fight recklessly!
You are too injured to fight recklessly!
You are too injured to fight recklessly!
You are too injured to fight recklessly!
You are too injured to fight recklessly!
You are too injured to fight recklessly!
You are too injured to fight recklessly!
You are too injured to fight recklessly!
You are too injured to fight recklessly!
You barely miss the bullfrog.
The bullfrog hits you but does no damage.
Unknown command.
Your scale mail prevents you from hitting the bullfrog.
The bullfrog hits you!
* * * LOW HITPOINT WARNING * * *
The bullfrog hits you.
You die...
Your body crumbles into a pile of gold.

..# ..#
..# $ #.#
#.# #.#
#F# #@#
#.# #.#
#.# #.#
#.# #.
#.#
####.##.#
$
........#


You could see a bullfrog.

Vanquished Creatures
  A hound skeleton (D:2)
  A worm (D:1)
  2 leopard geckos
  A giant cockroach (D:1)
  3 goblins
  2 hobgoblins
  3 quokkas (D:2)
  A ball python (D:1)
  5 bats
  5 frilled lizards
  A kobold (D:1)
  6 rats
31 creatures vanquished.

Notes
Turn   | Place    | Note
-------+----------+-------------------------------------------
     0 | D:1      | MisterOstroum the Mummy Gladiator began the quest for the
                  | Orb.
     0 | D:1      | Reached XP level 1. HP: 16/16 MP: 1/1
   144 | D:1      | Reached XP level 2. HP: 22/22 MP: 2/2
   188 | D:1      | Reached skill level 3 in Staves
   979 | D:2      | Found an opulent altar of Gozag.
  1084 | D:2      | Reached XP level 3. HP: 26/27 MP: 3/3
  1335 | D:2      | Became a worshipper of Gozag Ym Sagoz the Greedy
  1376 | D:3      | Noticed a bullfrog
  1381 | D:3      | Slain by a bullfrog

Skill      XL: |  1  2 |
---------------+-------+-----
Staves         | 3 |  3.7
Fighting       | |  2.0
Throwing       | |  1.5
Dodging        | |  2.4

Action                   || total
-------------------------++-------
Melee: Quarterstaff      ||    90
Armor: Leather armour    ||    18
       Scale mail        ||    17
Dodge: Dodged            ||    75
